 Dungeon Crawl Stone Soup version bcrawl-1.21.3-2-g9d8a61a446 (webtiles) character file.

Game seed: 15052816044722350766

180 Dyss the Insei (level 5, -1/41 HPs)
             Began as a Draconian Transmuter on Apr 21, 2020.
             Slain by an orc
             ... wielding a +0 mace
              (10 damage)
             ... on level 3 of the Dungeon.
             The game lasted 00:03:31 (2212 turns).

Dyss the Insei (Draconian Transmuter)               Turns: 2212, Time: 00:03:31

Health: -1/41      AC:  5    Str: 12    XL:     5   Next: 33%
Magic:  9/9        EV: 12    Int: 14    God:
Gold:   102        SH:  0    Dex: 12    Spells: 5/9 levels left

rFire    . . .     SeeInvis .     - Unarmed
rCold    . . .     Gourm    .   (no shield)
rNeg     . . .     Faith    .   (armour unavailable)
rPois    .         Spirit   .   (helmet restricted)
rElec    .         Reflect  .   (no cloak)
rCorr    .         Harm     .   (no gloves)
MR       .....                  (no boots)
Stlth    +.........             (no amulet)
HPRegen  0.13/turn              (no ring)
MPRegen  0.11/turn              (no ring)

@: lethally poisoned (-1 -> -3)
A: unfitting armour, cold-blooded, AC +5
a: no special abilities


You were on level 3 of the Dungeon.
You were very hungry.

You visited 1 branch of the dungeon, and saw 3 of its levels.

You collected 102 gold pieces.

Inventory:

Missiles
 a - 227 arrows
Scrolls
 b - 2 scrolls of remove curse {unknown}
 d - 2 scrolls of teleportation {unknown}
 f - a scroll of amnesia {unknown}
 g - 5 scrolls of identify {unknown}
 i - a scroll of magic mapping {unknown}
Potions
 c - 2 potions of lignification
 h - a potion of berserk rage {unknown}
 j - a potion of mutation {unknown}
 k - a potion of curing {unknown}
Comestibles
 e - 2 rations {!d}


   Skills:
 + Level 2.2 Fighting
 + Level 2.5 Dodging
 + Level 4.0 Unarmed Combat
 + Level 2.7 Spellcasting
 * Level 3.4 Transmutations


You had 5 spell levels left.
You knew the following spells:

 Your Spells              Type           Power        Failure   Level  Hunger
a - Beastly Appendage     Tmut           ##....       5%          1    #......
b - Spider Form           Tmut/Pois      #..          32%         3    ###....

Your spell library contained the following spells:

 Spells                   Type           Power        Failure   Level  Hunger
 Sticks to Snakes         Tmut           ##......     9%          2    ###....
 Ice Form                 Ice/Tmut       #.......     73%         4    #####..
 Blade Hands              Tmut           ##........   83%         5    ######.


Dungeon Overview and Level Annotations

Branches:
Dungeon (3/12)

Altars:


Innate Abilities, Weirdness & Mutations

Your plain brown scales are hard. (AC +5)
You cannot fit into any form of body armour.
You are cold-blooded and may be slowed by cold attacks.


Message History

The orc hits you with a +0 mace. The orc barely misses you.
You hit the orc.
You kill the orc!
Your horns disappear.
The orc closely misses you.
The orc throws a poisoned tomahawk.
The poisoned tomahawk hits you.
You are poisoned.
You hit the orc.
You tail-slap the orc, but do no damage.
The orc is moderately wounded.
You feel sick.
A bat comes into view.
The orc hits you with a +0 mace.
You barely miss the orc.
The orc is moderately wounded.
The orc priest hits you.
* * * LOW HITPOINT WARNING * * *
You closely miss the orc priest.
You feel sick. The orc hits you with a +0 mace!
You die...

#..# #
#..# #.
#..#
###.##..#
#.......#
##.......#
.....o..o#
.#.....#o#
.......#@#
.......o.#
##########


You could see an orc priest and 2 orcs.

Vanquished Creatures
  A sky beast (D:2)
  A worker ant (D:3)
  An adder (D:3)
  2 oozes (D:1)
  3 dart slugs
  3 leopard geckos
  An orc (D:3)
  A ball python (D:2)
  A bat (D:1)
  3 giant cockroaches (D:2)
  2 goblins (D:1)
  4 hobgoblins
  6 kobolds
  2 quokkas
  4 frilled lizards
  3 rats
  A bush (D:2)
39 creatures vanquished.

Notes
Turn   | Place    | Note
-------+----------+-------------------------------------------
     0 | D:1      | Dyss the Draconian Transmuter began the quest for the Orb.
     0 | D:1      | Reached XP level 1. HP: 16/16 MP: 3/3
   256 | D:1      | Reached XP level 2. HP: 16/23 MP: 1/5
   829 | D:2      | Reached XP level 3. HP: 27/28 MP: 4/6
  1308 | D:2      | Noticed a sky beast
  1320 | D:2      | Killed a sky beast
  1320 | D:2      | Reached XP level 4. HP: 21/36 MP: 5/7
  1528 | D:2      | Reached XP level 5. HP: 41/41 MP: 6/8
  1674 | D:2      | Learned a level 3 spell: Spider Form
  2094 | D:3      | Reached skill level 4 in Unarmed Combat
  2212 | D:3      | Slain by an orc

Skill      XL: |  1  2  3  4  5 |
---------------+----------------+-----
Dodging        | 2 |  2.5
Fighting       | 2 |  2.2
Transmutations | 3 |  3.4
Unarmed Combat | 4 |  4.0
Spellcasting   | |  2.7

Action                   |  1- 3 |  4- 6 || total
-------------------------+-------+-------++-------
Melee: Unarmed           |   107 |   188 ||   295
       Headbutt          |     5 |    12 ||    17
       Tailslap          |     8 |    36 ||    44
       Kick              |     5 |     2 ||     7
       Punch             |     2 |     6 ||     8
 Cast: Beastly Appendage |    19 |    10 ||    29
 Stab: Sleeping          |     1 |       ||     1
  Eat: Chunk             |     2 |     2 ||     4
Armor: Skin              |    24 |    19 ||    43
Dodge: Dodged            |    62 |    39 ||   101
